 Dungeon Crawl Stone Soup version 0.29.1-15-g9cfb28693d (webtiles) character file.

Game seed: 12977285429178503402

219 GeoRichter the Cutter (level 5, -14/29 HPs)
             Began as a Vine Stalker Monk on Mar 6, 2023.
             Was a Priest of Makhleb.
             Demolished by Menkaure (17 damage)
             ... on level 4 of the Dungeon.
             The game lasted 00:03:57 (3303 turns).

GeoRichter the Cutter (Vine Stalker Monk)           Turns: 3303, Time: 00:03:58

Health: -14/29     AC:  5    Str: 16    XL:     5   Next: 96%
Magic:  0/7        EV: 11    Int: 10    God:    Makhleb [***...]
Gold:   176        SH:  0    Dex: 16    Spells: 4/4 levels left

rFire   . . .      SeeInvis .   i - +2 short sword (freeze)
rCold   . . .      Faith    .   (no shield)
rNeg    + . .      Spirit   +   g - +0 ring mail
rPois   .          Reflect  .   (no helmet)
rElec   .          Harm     .   (no cloak)
rCorr   .          Rampage  .   (no gloves)
Will    .....                   (no boots)
Stlth   ++........              (no amulet)
HPRegen 0.89/turn               e - ring of positive energy
MPRegen 0.10/turn               (no ring)

@: no status effects
A: fangs 2, regeneration 1, magic shield, antimagic bite, no potion heal 2
a: Renounce Religion, Minor Destruction, Lesser Servant of Makhleb


You were on level 4 of the Dungeon.
You worshipped Makhleb.
Makhleb was most pleased with you.
You visited 1 branch of the dungeon, and saw 4 of its levels.

You collected 176 gold pieces.

Inventory:

Hand Weapons
 i - a +2 short sword of freezing (weapon)
   (You took it off a kobold on level 2 of the Dungeon)
Armour
 g - a +0 ring mail (worn)
   (You found it on level 1 of the Dungeon)
 s - a +0 helmet
   (You took it off Robin on level 3 of the Dungeon)
Jewellery
 e - a ring of positive energy (left hand)
   (You found it on level 1 of the Dungeon)
 n - a +4 ring of evasion
   (You found it on level 2 of the Dungeon)
 r - a +4 ring of protection
   (You found it on level 3 of the Dungeon)
 v - a ring of protection from cold
   (You found it on level 3 of the Dungeon)
 w - a ring of resist corrosion
   (You found it on level 4 of the Dungeon)
 x - a ring of poison resistance
   (You found it on level 4 of the Dungeon)
Wands
 o - a wand of acid (10)
   (You found it on level 3 of the Dungeon)
Scrolls
 a - a scroll of torment {unknown}
 d - a scroll of fear {unknown}
 f - 5 scrolls of identify {unknown}
 h - 3 scrolls of teleportation {unknown}
 m - 3 scrolls of summoning {unknown}
 p - a scroll of enchant weapon {unknown}
 q - 2 scrolls of enchant armour {unknown}
Potions
 b - a potion of berserk rage {unknown}
 c - 2 potions of ambrosia
 j - a potion of mutation {unknown}
 k - a potion of degeneration {unknown}
 l - 3 potions of curing {unknown}
 t - a potion of haste {unknown}
 u - a potion of lignification {unknown}


   Skills:
 + Level 3.9 Fighting
 + Level 4.6 Short Blades
 - Level 2.4 Dodging
 - Level 3.0 Stealth
 + Level 1.5 Invocations


You had 4 spell levels left.
You didn't know any spells.
Your spell library contained the following spells:

 Spells                   Type           Power      Damage    Failure   Level
 Magic Dart               Conj           0%         1d3       58%         1
 Searing Ray              Conj           0%         2d4       73%         2
 Gell's Gravitas          Tloc           0%         N/A       91%         3
 Lesser Beckoning         Tloc           0%         N/A       91%         3
 Teleport Other           Tloc           0%         N/A       91%         3
 Fulminant Prism          Conj/Hex       0%         3d6       100%        4
 Summon Forest            Summ/Tloc      0%         N/A       100%        5
 Summon Mana Viper        Hex/Summ       0%         N/A       100%        5
 Summon Cactus Giant      Summ           0%         N/A       100%        6


Dungeon Overview and Level Annotations

Branches:
Dungeon (4/15) Zot: 20713
 Temple: D:4-7

Altars:
Makhleb
The Shining One

Annotations:
D:4 Menkaure


Innate Abilities, Weirdness & Mutations

You have extremely sharp teeth.
Your natural rate of healing is unusually fast.
When hurt, damage is shared between your health and your magic reserves.
Your bite disrupts and absorbs the magic of your enemies.
Potions cannot restore your health.


Message History

You now have 176 gold pieces (gained 11).
Found a blackened gilded ring.
w - a ring of resist corrosion
Found a glowing dagger.
You see here a +2 dagger of venom.
Found a scroll labelled ORRY LADOG.
Found an opal ring.
f - 5 scrolls labelled ORRY LADOG (gained 1)
Found a stone staircase leading down.
x - a ring of poison resistance
There is a stone staircase leading down here.
There is a stone staircase leading down here.
An ufetubus comes into view.
An ufetubus is nearby!
An ufetubus is nearby!
The ufetubus shouts!
You hear a shout!
Menkaure, Prince of Dust comes into view.
The ufetubus attacks as you move away! The ufetubus barely misses you.
The ufetubus closely misses you. x2
The ufetubus hits you but does no damage.
The ufetubus misses you. The ufetubus closely misses you.
You hit the ufetubus but do no damage.
You bite the ufetubus, but do no damage.
The ufetubus hits you but does no damage.
The ufetubus closely misses you.
You hit the ufetubus. You freeze the ufetubus. You bite the ufetubus.
You kill the ufetubus!
Makhleb accepts your kill. Menkaure hits you!
You hit Menkaure but do no damage. You bite Menkaure.
Menkaure's magic leaks into the air.
You drain his magic.
You feel invigorated.
You hit Menkaure. Your bite misses Menkaure. Menkaure closely misses you.
You hit Menkaure but do no damage. You bite Menkaure.
Menkaure's magic leaks into the air.
You drain his magic.
Menkaure falters for a moment.
You hit Menkaure. You punch Menkaure. Menkaure hits you!
* * * LOW HITPOINT WARNING * * *
You hit Menkaure. You bite Menkaure.
Menkaure's magic leaks into the air.
You drain his magic.
You feel invigorated.
You hit Menkaure but do no damage. Menkaure hits you.
* * * LOW HITPOINT WARNING * * *
You hit Menkaure.
Menkaure's bandages flutter.
Menkaure hits you!
* * * LOW HITPOINT WARNING * * *
Okay, then.
You hit Menkaure. You hit Menkaure. You bite Menkaure, but do no damage.
Menkaure hits you!!
Ouch! That really hurt!
You die...

# #.# #.# # ##.#
#.# # #..# #.# #
#.## #.# # #># #.#
##### #.# #.# ....#
#.# #.#
.##.######.######M#
.##.............@.#
...........########
############ # #


You could see Menkaure (magic disrupted).

Vanquished Creatures
  A hound (D:4)
  An orc priest (D:3)
  Robin (D:3)
  5 adders
  An ufetubus (D:4)
  A worm (D:2)
  4 dart slugs
  5 orcs (D:3)
  8 bats
  12 endoplasms
  2 giant cockroaches
  8 goblins
  3 hobgoblins
  8 kobolds
  3 quokkas
  8 ball pythons
  3 frilled lizards
  8 rats
82 creatures vanquished.

Notes
Turn   | Place    | Note
-------+----------+-------------------------------------------
     0 | D:1      | GeoRichter the Vine Stalker Monk began the quest for the
                  | Orb.
     0 | D:1      | Reached XP level 1. HP: 11/11 MP: 2/2
   599 | D:1      | Reached XP level 2. HP: 16/16 MP: 3/3
   640 | D:1      | Reached skill level 3 in Short Blades
   915 | D:1      | Reached XP level 3. HP: 20/20 MP: 4/4
  1898 | D:2      | Gained mutation: Your natural rate of healing is unusually
                  | fast. [Vine Stalker growth]
  1898 | D:2      | Reached XP level 4. HP: 20/24 MP: 5/5
  2040 | D:2      | Found a burning altar of Makhleb.
  2058 | D:2      | Became a worshipper of Makhleb the Destroyer
  2058 | D:2      | Reached * piety under Makhleb
  2058 | D:2      | Reached ** piety under Makhleb
  2130 | D:3      | Reached skill level 4 in Short Blades
  2422 | D:3      | Reached XP level 5. HP: 28/28 MP: 6/6
  2700 | D:3      | Noticed Robin
  2706 | D:3      | Killed Robin
  2747 | D:3      | Reached skill level 1 in Invocations
  2905 | D:3      | Found a faded altar of an unknown god.
  3140 | D:4      | Reached *** piety under Makhleb
  3155 | D:4      | Found a glowing golden altar of the Shining One.
  3280 | D:4      | Noticed Menkaure
  3303 | D:4      | Demolished by Menkaure

Illustrated notes

Levels and vault maps discovered:
D:1:      evilmike_arrival_crescent, layout_loops_ring,
          minmay_misc_feat_enclosed, corexii_corridor_pit
D:2:      layout_basic, basic_altar
D:3:      minmay_chambers_of_threes, layout_basic,
          dilly_ecumenical_altar_fadedgnrine, serial_bayou_pond_d,
          hangedman_decor_slide_cut, chequers_jeans, uniq_robin
D:4:      minmay_bubble_buster, layout_loops_ring, nicolae_tso_carved_into_rock,
          mainiacjoe_overflow_tiny_flanked, nicolae_overflow_hidden_temple,
          uniq_menkaure, uniq_grinder

Skill      XL: |  1  2  3  4  5 |
---------------+----------------+-----
Stealth        | 3 |  3.0
Short Blades   | 3 4 |  4.6
Fighting       | 3 |  3.9
Invocations    | 1 |  1.5
Dodging        | |  2.4

Action                   |  1- 3 |  4- 6 || total
-------------------------+-------+-------++-------
Melee: Short sword       |    76 |   112 ||   188
       Bite              |    16 |    20 ||    36
       Punch             |     1 |     2 ||     3
Invok: Minor Destruction |       |     3 ||     3
 Stab: Sleeping          |     7 |     2 ||     9
       Distracted        |       |     1 ||     1
Armor: Robe              |     2 |       ||     2
       Ring mail         |    20 |    21 ||    41
Dodge: Dodged            |    48 |    53 ||   101
